 Dungeon Sprint DCSS version 0.16.2-12-gd0ad4c3 (webtiles) character file.

3875 musteatbrain the Severer (level 13, 0/117 HPs)
             Began as a Demonspawn Berserker on Oct 15, 2015.
             Was a Priest of Trog.
             Slain by a golden dragon (5 damage)
             ... in the Dungeon (Sprint VI: "Thunderdome").
             The game lasted 00:32:06 (2503 turns).

musteatbrain the Severer (Demonspawn Berserker)     Turns: 2503, Time: 00:32:08

Health: 0/117      AC: 35    Str: 17    XL:     13   Next: 10%
Magic:  3/3        EV: 10    Int:  5    God:    Trog [***...]
Gold:   37         SH:  0    Dex: 41    Spells: 0 memorised, 12 levels left

rFire  + + .     SeeInvis .     o - +9 battleaxe (antimagic)
rCold  + + +     Clarity  .     c - +8 gold dragon armour
rNeg   + + .     SustAb   +     (no shield)
rPois  +         Gourm    .     z - +0 hat of Kyjayvaxt {-Cast -Tele rPois Dex+6}
rElec  .         Spirit   .     (no cloak)
rCorr  .         Warding  .     b - +2 pair of gloves of the Ditch-Digger {rPois rN+ Int-5}
rMut   .         NoTele   +     r - +1 pair of boots of Noughts and Crosses {-Tele rN+ Dex+4}
MR     +++..     NoCast   +     p - amulet "Trualoze" {Faith MP-9 Int+2 Dex+6}
Stlth  ..........               q - ring of Xujisi {SustAb rPois rF+ rC+ Dex+2}
                                n - ring "Fyopop" {rC+ MR+ Dex+6}

@: exhausted, regenerating, extremely resistant to hostile enchantments,
extremely unstealthy
A: horns 2, yellow scales 2, foul stench 1, low mp 2, spiny 1, weak 1, rot
immunity, forlorn
a: Burn Spellbooks, Berserk, Trog's Hand, Renounce Religion
}: 3/15 runes: serpentine, barnacled, elven


You were in the Dungeon.
You worshipped Trog.
Trog was most pleased with you.
You were not hungry.

You visited 1 branch You collected 3820 gold pieces.
You spent 3783 gold pieces at shops.

Inventory:

Hand weapons
 o - a +9 antimagic battleaxe (weapon)
Armour
 b - the +2 pair of gloves of the Ditch-Digger (worn) {rPois rN+ Int-5}
   (You bought it in a shop in the Dungeon)

   It affects your intelligence (-5).
   It protects you from poison.
   It protects you from negative energy.
 c - a +8 gold dragon armour (worn)
 r - the +1 pair of boots of Noughts and Crosses (worn) {-Tele rN+ Dex+4}
   (You bought it in a shop in the Dungeon)

   It affects your dexterity (+4).
   It protects you from negative energy.
   It prevents most forms of teleportation.
 z - the +0 hat of Kyjayvaxt (worn) {-Cast -Tele rPois Dex+6}
   (You bought it in a shop in the Dungeon)

   It affects your dexterity (+6).
   It protects you from poison.
   It prevents spellcasting.
   It prevents most forms of teleportation.
Rods
 s - a +3 rod of clouds (12/12)
   (You found it in the Dungeon)
Jewellery
 n - the ring "Fyopop" (left hand) {rC+ MR+ Dex+6}
   (You bought it in a shop in the Dungeon)

   [ring of dexterity]

   It affects your dexterity (+6).
   It protects you from cold.
   It affects your resistance to hostile enchantments.
 p - the amulet "Trualoze" (around neck) {Faith MP-9 Int+2 Dex+6}
   (You bought it in a shop in the Dungeon)

   [amulet of faith]

   It allows you to gain divine favour quickly.
   It affects your intelligence (+2).
   It affects your dexterity (+6).
   It affects your magic capacity (-9).
 q - the ring of Xujisi (right hand) {SustAb rPois rF+ rC+ Dex+2}
   (You bought it in a shop in the Dungeon)

   [ring of sustain abilities]

   It sustains your strength, intelligence and dexterity.
   It affects your dexterity (+2).
   It protects you from fire.
   It protects you from cold.
   It protects you from poison.
 v - an uncursed ring of ice
Magical devices
 a - a wand of fireball (6)
 k - a wand of cold (0)
 l - a wand of fire (0)
 u - a wand of random effects (31)
Scrolls
 i - 4 scrolls of blinking
 m - 3 scrolls of fog
 x - 14 scrolls of remove curse
Potions
 f - 3 potions of haste
 g - 2 potions of magic
 h - a potion of berserk rage
 j - a potion of resistance
 t - a potion of experience
Miscellaneous
 e - a fan of gales (inert)
Comestibles
 d - 20 royal jellies
 A - 6 chunks of flesh


   Skills:
 + Level 15.8 Fighting
 * Level 19.6 Axes
 + Level 11.2 Armour
 + Level 11.2 Dodging
 - Level 9.0 Evocations


You had 12 spell levels left.
You didn't know any spells.

Dungeon Overview and Level Annotations

Branches:
Dungeon (1/1)

Altars:
Cheibriados
Dithmenos
Fedhas
Gozag
Kikubaaqudgha
Makhleb
Okawaru
Qazlal
Ru
Sif Muna
Trog
Vehumet
Xom
Yredelemnul
Zin
The Shining One
Jiyva
Lugonu

Shops:
D *[%??*?*:[((!!!!


Innate Abilities, Weirdness & Mutations

You have a pair of horns on your head.
You are mostly covered in yellow scales (AC +3).
You emit a foul stench.
You are partially covered in sharp spines.
You are immune to rotting.
Your magical capacity is very low (-20% MP).
You are weak. (Str -2)
You have difficulty communicating with the divine.


Message History

The golden dragon barely misses you.
The golden dragon claws you but does no damage.
The golden dragon tramples you but does no damage.
Your air elemental hits the golden dragon!
The golden dragon bites your air elemental!
The golden dragon claws your air elemental.
The golden dragon closely misses your air elemental.
You feel yourself speed up.
Your air elemental merges itself into the air.
Your air elemental forms itself from the air!
Your air elemental merges itself into the air.
Your air elemental forms itself from the air!
Your air elemental hits the golden dragon!
The golden dragon bites your air elemental!
Your air elemental is destroyed!
The golden dragon bites you but does no damage.
The golden dragon claws you.
* * * LOW HITPOINT WARNING * * *
The golden dragon tramples you.
You die...

######.8(...((((.8(######
##∩_........###()....__.∩#
###∩...)....8.# #.8........∩
##......((.....###....(......
#⌠...)...).)###...###........
#⌠.)).......# #.<.# #........
#⌠........((###..)###....÷...
##..[.....(...(###..)........
###∩...[.[.@8(# #(8........∩
##∩___...D).###(..().___∩#
######.8..(..[...8[######
#⌠.D..[)....[⌠#
###(.([....)### #_D.....)_#
#..[....._# #........_#
#∩.......∩#


You could see 3 golden dragons.

Vanquished Creatures
  Fannar (D)
  A revenant (D)
  A storm dragon (D)
  A reaper (D)
  2 mummy priests (D)
  Josephine (D)
  An ice dragon (D)
  Urug (D)
  A soul eater (D)
  Aizul (D)
  An iron troll (D)
  3 deep trolls (D)
  3 sea snakes (D)
  An orc knight (D)
  A phantasmal warrior (D)
  A guardian mummy (D)
  2 trolls (D)
  A wind drake (D)
  A freezing wraith (D)
  5 redbacks (D)
  A shadow (D)
  A vampire (D)
  2 wraiths (D)
  5 steam dragons (D)
  A hungry ghost (D)
  2 insubstantial wisps (D)
  3 orc warriors (D)
  8 sky beasts (D)
  An ogre (D)
  7 centaurs (D)
  2 big kobolds (D)
  2 orc priests (D)
  7 mummies (D)
  An orc (D)
  A spectral bat (D)
  A goblin (D)
  15 kobolds (D)
90 creatures vanquished.

Vanquished Creatures (collateral kills)
  A golden dragon (D)
  A merfolk avatar (D)
  An eidolon (D)
  A skeletal warrior (D)
  A vampire (D)
  A spectral bat (D)
6 creatures vanquished.

Vanquished Creatures (others)
  2 air elementals (D)
  A two-headed ogre (D)
  A black bear (D)
  2 ogres (D)
  6 giant spores (D)
  2 kobolds (D)
  An eldritch tentacle segment (D)
15 creatures vanquished.

Grand Total: 111 creatures vanquished

Notes
Turn   | Place    | Note
--------------------------------------------------------------
     0 | D        | musteatbrain, the Demonspawn Berserker, began the quest for the Orb.
     0 | D        | Reached XP level 1. HP: 18/18 MP: 1/1
     1 | D        | Found a radiant altar of Vehumet.
     1 | D        | Found a corrupted altar of Lugonu.
     2 | D        | Found a stormy altar of Qazlal.
     3 | D        | Found a basalt altar of Yredelemnul.
     4 | D        | Found a sacrificial altar of Ru.
     4 | D        | Found an ancient bone altar of Kikubaaqudgha.
     4 | D        | Found Otridaxku's Premium Goods.
     4 | D        | Found Vorireus' Miscellaneous Merchandise.
     5 | D        | Found a deep blue altar of Sif Muna.
     5 | D        | Round 1.
     6 | D        | Found Qiediz's Weapon Rack.
     6 | D        | Found Cliast's Basic Armour.
    27 | D        | Found a viscous altar of Jiyva.
    28 | D        | Found a blossoming altar of Fedhas.
    31 | D        | Found a glowing golden altar of the Shining One.
    31 | D        | Found Alufays' Do-It-Yourself Clinic.
    32 | D        | Found Faigic's Bottled Wisdom.
    33 | D        | Found a shadowy altar of Dithmenos.
    34 | D        | Found a bloodstained altar of Trog.
    36 | D        | Found Luoneat's Distillery.
    36 | D        | Found Hiemoiba's Distillery.
    55 | D        | Found a burning altar of Makhleb.
    57 | D        | Found an iron altar of Okawaru.
    59 | D        | Found a glowing silver altar of Zin.
    59 | D        | Found Geypuxt's Staff Store.
    59 | D        | Found Skohasir's Must-Have Magic.
    63 | D        | Arena points: 14 (+14) [x2]
    65 | D        | Found a snail-covered altar of Cheibriados.
    66 | D        | Found an opulent altar of Gozag.
    66 | D        | Found Ujokh's Magic Scroll Shop.
    66 | D        | Found Caeviuw's Magic Scroll Shop.
    91 | D        | Found a shimmering altar of Xom.
    92 | D        | Found Emneedef's Bee Food.
    94 | D        | Found Twaucarph's Jewellery.
    98 | D        | Found Aclupyqiw's Advanced Armour.
   100 | D        | Found Sitil's Identification Station.
   108 | D        | Bought a vibrating ivory ring for 45 gold pieces
   108 | D        | Bought a brightly glowing emerald amulet for 45 gold pieces
   108 | D        | Bought a scintillating platinum ring for 45 gold pieces
   108 | D        | Bought a coiled lapis lazuli ring for 45 gold pieces
   108 | D        | Identified the ring "Fyopop" {rC+ MR+ Dex+6} (You bought it in a shop in the Dungeon)
   109 | D        | Identified the amulet "Fietrec" {Inacc +Fly Str+4 Int+2 Dex-5} (You bought it in a shop in the Dungeon)
   113 | D        | Identified the ring "Foguf" {MR+++ Dex-3 Stlth-} (You bought it in a shop in the Dungeon)
   115 | D        | Identified the ring of Xujisi {SustAb rPois rF+ rC+ Dex+2} (You bought it in a shop in the Dungeon)
   149 | D        | Round 2.
   162 | D        | Noticed a big kobold
   175 | D        | Killed a big kobold
   175 | D        | Reached skill level 5 in Fighting
   175 | D        | Reached skill level 6 in Axes
   175 | D        | Gained mutation: You are immune to rotting. [demonic ancestry]
   175 | D        | Reached XP level 2. HP: 15/27 MP: 2/2
   175 | D        | Gained mutation: You have a pair of small horns on your head. [demonic ancestry]
   175 | D        | Reached XP level 3. HP: 18/33 MP: 3/3
   175 | D        | Gained mutation: You are partially covered in yellow scales (AC +2). [demonic ancestry]
   175 | D        | Reached XP level 4. HP: 21/39 MP: 4/4
   179 | D        | Acquired Trog's second power
   196 | D        | Noticed a big kobold
   211 | D        | Killed a big kobold
   211 | D        | Reached skill level 8 in Axes
   211 | D        | Reached XP level 5. HP: 28/47 MP: 5/5
   279 | D        | Arena points: 56 (+42) [x3]
   301 | D        | Bought a flickering graven amulet for 45 gold pieces
   301 | D        | Identified the amulet "Niwi" {Inacc SInv} (You bought it in a shop in the Dungeon)
   305 | D        | Bought a sparkling pewter amulet for 45 gold pieces
   305 | D        | Identified the amulet "Trualoze" {Faith MP-9 Int+2 Dex+6} (You bought it in a shop in the Dungeon)
   319 | D        | Round 3.
   340 | D        | Acquired Trog's third power
   486 | D        | Received a gift from Trog
   486 | D        | Arena points: 140 (+84) [x4]
   505 | D        | Round 4.
   656 | D        | Arena points: 320 (+180) [x5]
   677 | D        | Round 5.
   678 | D        | Noticed Aizul
   681 | D        | Noticed a black mamba
   685 | D        | Killed Aizul
   685 | D        | Arena points: 600 (+280) [x7]
   685 | D        | Reached skill level 10 in Axes
   685 | D        | Gained mutation: You are partially covered in sharp spines. [demonic ancestry]
   685 | D        | Reached XP level 6. HP: 57/57 MP: 1/12
   685 | D        | Gained mutation: You emit a foul stench. [demonic ancestry]
   685 | D        | Reached XP level 7. HP: 63/63 MP: 1/14
   688 | D        | Got a serpentine rune of Zot
   695 | D        | Reached skill level 10 in Fighting
   695 | D        | Reached skill level 12 in Axes
   695 | D        | Gained mutation: You are mostly covered in yellow scales (AC +3). [demonic ancestry]
   695 | D        | Reached XP level 8. HP: 56/72 MP: 2/16
   890 | D        | Round 6.
   906 | D        | Reached skill level 13 in Axes
   937 | D        | Arena points: 984 (+384) [x8]
   963 | D        | Round 7.
   982 | D        | Gained mutation: You are resistant to hostile enchantments. [mutagenic meat]
   995 | D        | Reached XP level 9. HP: 39/81 MP: 3/20
  1044 | D        | Received a gift from Trog
  1044 | D        | Reached skill level 14 in Axes
  1046 | D        | Arena points: 1488 (+504) [x9]
  1050 | D        | Lost mutation: You are resistant to hostile enchantments. [mutagenic meat]
  1051 | D        | Gained mutation: Your magical capacity is low (-10% MP). [mutagenic meat]
  1072 | D        | Received a gift from Trog
  1113 | D        | Bought a +0 gold dragon armour for 960 gold pieces
  1114 | D        | Round 8.
  1145 | D        | Noticed an iron troll
  1159 | D        | Killed an iron troll
  1168 | D        | Noticed a deep troll
  1175 | D        | Killed a deep troll
  1175 | D        | Reached skill level 15 in Axes
  1190 | D        | Noticed a deep troll
  1195 | D        | Received a gift from Trog
  1195 | D        | Reached XP level 10. HP: 76/89 MP: 3/19
  1202 | D        | Noticed a deep troll
  1203 | D        | Killed a deep troll
  1203 | D        | Reached skill level 5 in Armour
  1203 | D        | Reached skill level 5 in Dodging
  1222 | D        | Killed a deep troll
  1266 | D        | Noticed a deep troll
  1268 | D        | Arena points: 1544 (+56) [x1]
  1281 | D        | Round 9.
  1342 | D        | Gained mutation: Your magical capacity is very low (-20% MP). [mutagenic meat]
  1343 | D        | Gained mutation: You are agile. (Dex +2) [mutagenic meat]
  1344 | D        | Lost mutation: You are agile. (Dex +2) [mutagenic meat]
  1345 | D        | Gained mutation: You have difficulty communicating with the divine. [mutagenic meat]
  1390 | D        | Received a gift from Trog
  1401 | D        | Reached skill level 16 in Axes
  1439 | D        | Arena points: 1724 (+180) [x2]
  1462 | D        | Round 10.
  1487 | D        | Noticed a dimme
  1497 | D        | Noticed an eldritch tentacle
  1498 | D        | Killed a dimme
  1498 | D        | Arena points: 2084 (+360) [x4]
  1501 | D        | Got a barnacled rune of Zot
  1516 | D        | Bought a pair of steaming boots for 332 gold pieces
  1521 | D        | Identified the +1 pair of boots of Noughts and Crosses {-Tele rN+ Dex+4} (You bought it in a shop in the Dungeon)
  1523 | D        | Bought a pair of jewelled gloves for 332 gold pieces
  1528 | D        | Identified the +2 pair of gloves of the Ditch-Digger {rPois rN+ Int-5} (You bought it in a shop in the Dungeon)
  1575 | D        | Reached XP level 11. HP: 98/98 MP: 3/18
  1698 | D        | Round 11.
  1754 | D        | Noticed Urug
  1767 | D        | Killed Urug
  1827 | D        | Received a gift from Trog
  1863 | D        | Bought 3 royal jellies for 24 gold pieces
  1863 | D        | Bought 3 royal jellies for 24 gold pieces
  1863 | D        | Bought 3 royal jellies for 24 gold pieces
  1863 | D        | Bought 3 royal jellies for 24 gold pieces
  1863 | D        | Bought 3 royal jellies for 24 gold pieces
  1863 | D        | Bought 3 royal jellies for 24 gold pieces
  1863 | D        | Bought 3 royal jellies for 24 gold pieces
  1863 | D        | Bought 3 royal jellies for 24 gold pieces
  1879 | D        | Noticed an orc high priest
  1886 | D        | Arena points: 2194 (+110) [x1]
  1901 | D        | Round 12.
  1902 | D        | Noticed a sea snake
  1908 | D        | Killed a sea snake
  1908 | D        | Reached skill level 17 in Axes
  1960 | D        | Reached XP level 12. HP: 95/106 MP: 3/19
  1966 | D        | Noticed a sea snake
  1975 | D        | Killed a sea snake
  2020 | D        | Arena points: 2302 (+108) [x1]
  2035 | D        | Round 13.
  2048 | D        | Noticed a mummy priest
  2057 | D        | Killed a mummy priest
  2057 | D        | Noticed a reaper
  2065 | D        | Killed a reaper
  2107 | D        | Noticed a mummy priest
  2129 | D        | Killed a mummy priest
  2174 | D        | Arena points: 2588 (+286) [x2]
  2208 | D        | Round 14.
  2210 | D        | Noticed Josephine
  2216 | D        | Killed Josephine
  2216 | D        | Reached skill level 18 in Axes
  2218 | D        | Noticed an eidolon
  2224 | D        | Noticed a revenant
  2230 | D        | Killed an eidolon
  2236 | D        | Killed a revenant
  2236 | D        | Reached skill level 15 in Fighting
  2236 | D        | Reached skill level 10 in Armour
  2236 | D        | Reached skill level 10 in Dodging
  2260 | D        | Arena points: 3050 (+462) [x3]
  2275 | D        | Round 15.
  2289 | D        | Noticed Fannar
  2306 | D        | Killed Fannar
  2306 | D        | Arena points: 3875 (+825) [x5]
  2306 | D        | Reached skill level 19 in Axes
  2307 | D        | Got an elven rune of Zot
  2368 | D        | Bought 15 scrolls of remove curse for 450 gold pieces
  2369 | D        | Bought 4 scrolls of enchant armour for 300 gold pieces
  2387 | D        | Bought a pair of ancient boots for 332 gold pieces
  2397 | D        | Identified the +0 pair of boots of Ylak {rPois rF+ MR- Int+7} (You bought it in a shop in the Dungeon)
  2410 | D        | Bought a dazzling hat for 315 gold pieces
  2415 | D        | Identified the +0 hat of Kyjayvaxt {-Cast -Tele rPois Dex+6} (You bought it in a shop in the Dungeon)
  2444 | D        | Bought 4 scrolls of enchant armour for 300 gold pieces
  2456 | D        | Round 16.
  2462 | D        | Noticed a storm dragon
  2466 | D        | Noticed an ice dragon
  2469 | D        | Killed a storm dragon
  2474 | D        | Killed an ice dragon
  2474 | D        | Gained mutation: You have a pair of horns on your head. [demonic ancestry]
  2474 | D        | Reached XP level 13. HP: 116/116 MP: 3/20
  2475 | D        | Noticed a golden dragon
  2489 | D        | Killed a golden dragon
  2494 | D        | Noticed a golden dragon
  2495 | D        | Noticed a golden dragon
  2501 | D        | Noticed a golden dragon
  2502 | D        | Gained mutation: You are weak. (Str -2) [potion of mutation]
  2502 | D        | Lost mutation: You are weak. (Str -2) [potion of mutation]
  2502 | D        | Gained mutation: You are weak. (Str -2) [potion of mutation]
  2502 | D        | HP: 4/117 [golden dragon/bolt of fire (12)]
  2503 | D        | Slain by a golden dragon

Action                   |  1- 3 |  4- 6 |  7- 9 | 10-12 | 13-15 || total
-------------------------+-------+-------+-------+-------+-------++-------
Melee: Hand axe          |    13 |    15 |       |       |       ||    28
       Battleaxe         |       |     8 |    47 |   182 |     7 ||   244
Invok: Berserk           |     1 |     1 |     2 |     5 |       ||     9
       Trog's Hand       |       |     5 |     6 |    16 |     1 ||    28
       Brothers in Arms  |       |     2 |       |     8 |     2 ||    12
Evoke: Wand              |       |    10 |       |       |       ||    10
       Fan of gales      |       |       |       |       |     1 ||     1
  Use: Potion            |       |       |     3 |     6 |     1 ||    10
       Scroll            |       |       |       |     9 |       ||     9
 Stab: Distracted        |       |     1 |       |     2 |       ||     3
  Eat: Chunk             |       |     1 |     5 |     9 |     1 ||    16
       Bread ration      |       |       |     1 |       |       ||     1
       Royal jelly       |       |       |       |     4 |       ||     4
